 Dungeon Crawl Stone Soup version 0.29.1-4-g47bece8355 (webtiles) character file.

Game seed: 12566419948750791497

3353 safid the Skirmisher (level 9, 0/79 (81) HPs)
             Began as a Minotaur Hunter on Dec 7, 2022.
             Was a Priest of Okawaru.
             Slain by a two-headed ogre
             ... wielding a +0 giant club
              (24 damage)
             ... on level 9 of the Dungeon.
             The game lasted 00:14:59 (9134 turns).

safid the Skirmisher (Minotaur Hunter)              Turns: 9134, Time: 00:15:00

HP:   0/79 (81)     AC: 13    Str: 16    XL:     9   Next: 73%
MP:   8/8           EV: 10    Int:  6    God:    Okawaru [***...]
Gold: 396           SH:  0    Dex: 18    Spells: 8/8 levels left

rFire   + . .      SeeInvis .   a - +0 shortbow
rCold   . . .      Faith    .   (shield currently unavailable)
rNeg    . . .      Spirit   .   B - +4 scale mail
rPois   .          Reflect  .   (helmet restricted)
rElec   .          Harm     .   (no cloak)
rCorr   .          Rampage  .   p - +2 pair of gloves
Will    +....                   (no boots)
Stlth   ..........              (no amulet)
HPRegen 0.23/turn               w - ring of willpower
MPRegen 0.11/turn               m - ring of protection from fire

@: studying Invocations, lightly drained
A: horns 2, retaliatory headbutt
a: Renounce Religion, Heroism


You were on level 9 of the Dungeon.
You worshipped Okawaru.
Okawaru was most pleased with you.
You visited 1 branch of the dungeon, and saw 9 of its levels.

You collected 396 gold pieces.

Inventory:

Hand Weapons
 a - a +0 shortbow (weapon)
Armour
 p - a +2 pair of gloves (worn)
 B - a +4 scale mail (worn)
Jewellery
 g - a ring of resist corrosion
 m - a ring of protection from fire (right hand)
 w - a ring of willpower (left hand)
Wands
 y - a wand of paralysis (10)
Scrolls
 b - a scroll of magic mapping
 c - a scroll of blinking {unknown}
 e - a scroll of fear
 h - 2 scrolls of enchant weapon
 i - a scroll of amnesia {unknown}
 k - a scroll of teleportation {unknown}
 o - a scroll of summoning
 q - 2 scrolls of fog {unknown}
 r - 4 scrolls of enchant armour
 s - 2 scrolls of torment {unknown}
 t - 2 scrolls of silence {unknown}
 v - a scroll of poison {unknown}
 x - a scroll of vulnerability {unknown}
Potions
 d - 2 potions of attraction
 f - 2 potions of haste {unknown}
 j - 3 potions of curing
 l - a potion of invisibility {unknown}
 n - 2 potions of lignification
 u - a potion of might {unknown}
 A - a potion of degeneration {unknown}


   Skills:
 - Level 8.0 Fighting
 + Level 14.0 Ranged Weapons
 - Level 2.1 Dodging
 - Level 0.7 Stealth


You had 8 spell levels left.
You didn't know any spells.
Your spell library contained the following spells:

 Spells                   Type           Power      Damage    Failure   Level
 Ozocubu's Armour         Ice            0%         N/A       99%         3
 Portal Projectile        Hex/Tloc       0%         N/A       99%         3
 Passage of Golubria      Tloc           0%         N/A       100%        4
 Blade Hands              Tmut           0%         N/A       100%        5
 Yara's Violent Unravell  Hex/Tmut       0%         3d3       100%        5
 Ozocubu's Refrigeration  Ice            0%         4d7       100%        7
 Tukima's Dance           Hex            Unusable   N/A       N/A         3

Dungeon Overview and Level Annotations

Branches:
Dungeon (9/15)             Temple (0/1) D:6
   Lair: D:8-11         Orc: D:9-12

Altars:
Elyvilon
Fedhas
Gozag
Hepliaklqana
Okawaru
Sif Muna
Trog
Uskayaw
Vehumet
Yredelemnul

Annotations:
D:7 3 runed translucent doors, dylex's ghost, novice MeWn


Innate Abilities, Weirdness & Mutations

You have a pair of horns on your head.
You reflexively headbutt those who attack you in melee.


Message History

You are too injured to fight recklessly!
You are too injured to fight recklessly!
You are too injured to fight recklessly!
You are too injured to fight recklessly!
You are too injured to fight recklessly!
You are too injured to fight recklessly!
You are too injured to fight recklessly!
You are too injured to fight recklessly!
You are too injured to fight recklessly!
You are too injured to fight recklessly!
Fire: a) +0 shortbow
Press: ? - help, Q - select action, (/) - cycle Shift-Dir - straight line, f/p - two-headed ogre
Aim: a two-headed ogre, wielding two +0 giant clubs (heavily wounded, 82% to hit)
You shoot an arrow. The arrow hits the two-headed ogre!
The two-headed ogre is severely wounded.
The two-headed ogre hits you with a +0 giant club!
The two-headed ogre misses you.
Fire: a) +0 shortbow
Press: ? - help, Q - select action, (/) - cycle Shift-Dir - straight line, f/p - two-headed ogre
Aim: a two-headed ogre, wielding two +0 giant clubs (severely wounded, 82% to hit)
You shoot an arrow.
The arrow hits the two-headed ogre but does no damage.
The two-headed ogre is severely wounded.
Fire: a) +0 shortbow
Press: ? - help, Q - select action, (/) - cycle Shift-Dir - straight line, f/p - two-headed ogre
Aim: a two-headed ogre, wielding two +0 giant clubs (severely wounded, 82% to hit)
You shoot an arrow. The arrow hits the two-headed ogre.
The two-headed ogre is almost dead.
The two-headed ogre closely misses you. You furiously retaliate!
You headbutt the two-headed ogre, but do no damage.
The two-headed ogre hits you with a +0 giant club.
Unknown command.
Fire: a) +0 shortbow
Press: ? - help, Q - select action, (/) - cycle Shift-Dir - straight line, f/p - two-headed ogre
Aim: a two-headed ogre, wielding two +0 giant clubs (almost dead, 82% to hit)
You shoot an arrow.
The arrow hits the two-headed ogre but does no damage.
The two-headed ogre is almost dead.
The two-headed ogre hits you with a +0 giant club!!
You die...

##.<.........#.
.........##.## .....
.............# ..(..
........#....##.....
...#....#...##......
.#####.#............
###..###...$.
#..###O.# ##...@..#
#...#### #####


You could see a two-headed ogre.

Vanquished Creatures
  2 hornets (D:8)
  Duvessa (D:4)
  A water moccasin (D:6)
  3 ice beasts
  A black bear (D:4)
  A sky beast (D:7)
  2 ogres (D:4)
  A centaur (D:7)
  4 bullfrogs
  3 necrophages
  A scorpion (D:6)
  15 wights
  Dowan (D:4)
  3 howler monkeys
  4 jellies
  An orc priest (D:3)
  4 hounds
  4 iguanas
  3 orc wizards
  4 adders
  5 white imps
  An ufetubus (D:6)
  A worm (D:4)
  2 dart slugs
  19 orcs
  6 bats
  7 endoplasms
  3 giant cockroaches
  6 goblins
  6 hobgoblins
  3 kobolds
  3 quokkas
  6 ball pythons
  3 frilled lizards
  5 rats
135 creatures vanquished.

Vanquished Creatures (others)
  3 plants (D:4)
3 creatures vanquished.

Grand Total: 138 creatures vanquished

Notes
Turn   | Place    | Note
-------+----------+-------------------------------------------
     0 | D:1      | safid the Minotaur Hunter began the quest for the Orb.
     0 | D:1      | Reached XP level 1. HP: 18/18 MP: 0/0
   197 | D:1      | Found a faded altar of an unknown god.
   251 | D:1      | Reached XP level 2. HP: 25/25 MP: 1/1
  1186 | D:2      | Reached skill level 5 in Ranged Weapons
  1186 | D:2      | Reached XP level 3. HP: 31/31 MP: 2/2
  1550 | D:3      | Identified the +3 trident "Abyfee" {vorpal, *Corrode rPois
                  | rF+ Str+4}
  1578 | D:3      | Reached XP level 4. HP: 17/40 MP: 3/3
  2041 | D:3      | Found a shimmering blue altar of Sif Muna.
  2067 | D:3      | Found a white marble altar of Elyvilon.
  2564 | D:3      | Found a blossoming altar of Fedhas.
  2644 | D:4      | Noticed an ogre
  2650 | D:4      | Killed an ogre
  2651 | D:4      | Reached skill level 5 in Fighting
  2651 | D:4      | Reached skill level 6 in Ranged Weapons
  2651 | D:4      | Reached XP level 5. HP: 21/48 MP: 4/4
  2913 | D:4      | Reached XP level 6. HP: 49/57 MP: 5/5
  3436 | D:4      | Reached skill level 7 in Ranged Weapons
  3437 | D:4      | Reached XP level 7. HP: 40/64 MP: 6/6
  3610 | D:4      | Noticed Duvessa
  3611 | D:4      | Noticed Dowan
  3629 | D:4      | Killed Duvessa
  3630 | D:4      | Killed Dowan
  3738 | D:4      | Found a hazy altar of Hepliaklqana.
  4093 | D:5      | Entered Level 5 of the Dungeon
  4221 | D:5      | Reached skill level 8 in Ranged Weapons
  4581 | D:5      | Found an opulent altar of Gozag.
  5154 | D:6      | Found a bloodstained altar of Trog.
  5180 | D:6      | Found an iron altar of Okawaru.
  5246 | D:6      | Became a worshipper of Warmaster Okawaru
  5314 | D:6      | Reached XP level 8. HP: 74/74 MP: 7/7
  5350 | D:6      | Found a staircase to the Ecumenical Temple.
  5377 | D:6      | Reached skill level 9 in Ranged Weapons
  5425 | D:6      | Found a hide-covered altar of Uskayaw.
  5960 | D:7      | Reached skill level 10 in Ranged Weapons
  6238 | D:7      | Reached * piety under Okawaru
  6440 | D:7      | Found a runed translucent gate.
  6440 | D:7      | Found a runed translucent gate.
  6440 | D:7      | Found a runed translucent gate.
  6527 | D:7      | Reached skill level 11 in Ranged Weapons
  6813 | D:7      | Noticed dylex's ghost (novice MeWn)
  7213 | D:8      | HP: 1/74 [ice beast (6)]
  7217 | D:8      | Reached XP level 9. HP: 21/81 MP: 8/8
  7565 | D:8      | Reached skill level 12 in Ranged Weapons
  7567 | D:8      | Reached ** piety under Okawaru
  7887 | D:8      | Found a basalt altar of Yredelemnul.
  8140 | D:8      | Paralysed by a hornet for 2 turns
  8279 | D:8      | Reached skill level 13 in Ranged Weapons
  8301 | D:8      | HP: 2/72 [wight/+2 dire flail (10)]
  8615 | D:8      | Found a radiant altar of Vehumet.
  8928 | D:8      | Reached *** piety under Okawaru
  8929 | D:8      | Reached skill level 14 in Ranged Weapons
  9122 | D:9      | Noticed a two-headed ogre
  9134 | D:9      | Slain by a two-headed ogre

Illustrated notes

Levels and vault maps discovered:
D:1:      doesnt_arrival_eight_statues, layout_basic,
          shapermc_ecumenical_altar_mp_ritualfount, minmay_cupped
D:2:      layout_loops_cross
D:3:      layout_loops_ring, lemuel_coloured_pillars_altar,
          mainiacjoe_overflow_catwalk_spiral, kennysheep_generic_room_13
D:4:      layout_basic, nicolae_hepliaklqana_hazy_memory,
          minmay_manual_monstrance, uniq_duvessa
D:5:      layout_loops_ring, mainiacjoe_overflow_chevrons
D:6:      layout_gridville, mainiacjoe_overflow_boulevard, bloody_trog,
          general_overflow_altar, minmay_temple_entry_antechambers
D:7:      layout_loops_ring, gammafunk_ghost_icy
D:8:      layout_basic, mainiacjoe_overflow_surrounded_room,
          nicolae_vehumet_radiance
D:9:      layout_cave_pools, david_lair_generic, minmay_orc_entry_temple_small

Skill      XL: |  1  2  3  4  5  6  7  8  9 |
---------------+----------------------------+-----
Fighting       | 3 4 5 6 8 |  8.0
Ranged Weapons | 5 6 7 8 11 14 | 14.0
Dodging        | |  2.1
Stealth        | |  0.7

Action                   |  1- 3 |  4- 6 |  7- 9 || total
-------------------------+-------+-------+-------++-------
 Fire: Shortbow          |    88 |   109 |   363 ||   560
  Use: Potion            |       |       |     8 ||     8
       Scroll            |       |       |     5 ||     5
Armor: Scale mail        |    26 |    44 |    92 ||   162
Dodge: Dodged            |    27 |    45 |   137 ||   209
